Map: Dreamcatcher LE

Players

Avoš

  • Race: Protoss Protoss
  • Spawn Location: 5:00

pierre - Winner!

  • Race: Protoss Protoss
  • League: Silver
  • Spawn Location: 11:00

VOD

Have the link to the VOD?

Description

Time

  • Played on: July 30, 2018, 9:34 a.m.
  • Length: 12:34
Show
View Real Time Build Order
Export as new Build Order

Avoš Protoss 

Build Orders:  

Get SALT Encoding   

  12  0:01  Probe  
  13  0:13  Probe  
  14  0:20  Pylon  
  14  0:25  Probe  
  15  0:38  Probe  
  15  0:42  Gateway  
  16  0:49  Assimilator  
  16  0:50  Probe  
  17  0:58  Assimilator  
  17  1:02  Probe  
  18  1:14  Probe  
  18  1:16  Gateway  
  19  1:26  Probe  
  20  1:37  Cybernetics Core  
  20  1:38  Probe  
  21  1:44  Pylon  
  21  1:50  Probe  
  22  2:02  Probe  
  22  2:04  Warp Gate  
  23  2:14  Probe  
  24  2:16  Stalker, Sentry  
  28  2:28  Pylon  
  28  2:29  Probe  
  29  2:42  Stalker  
  31  2:46  Stalker, Probe  
  34  2:55  Pylon  
  34  3:14  Nexus  
  34  3:17  Probe  
  35  3:28  Stalker  
  35  3:29  Stalker  
  39  3:39  Twilight Council  
  39  3:51  Probe, Forge  
  40  3:59  Shield Battery  
  40  4:03  Probe  
  40  4:05  Pylon  
  41  4:15  Probe  
  41  4:16  Blink  
  42  4:27  Probe  
  42  4:28  Probe  
  44  4:45  Robotics Facility  
  44  4:48  Protoss Ground Weapons Level 1  
  44  4:49  Stalker  
  44  4:50  Stalker  
  48  4:58  Assimilator  
  48  5:00  Probe x2  
  48  5:01  Assimilator  
  50  5:12  Probe x2  
  52  5:24  Probe x2  
  54  5:36  Probe x2  
  54  5:40  Observer  
  57  5:53  Probe x2  
  57  5:55  Robotics Bay  
  59  5:57  Stalker x2  
  63  6:05  Probe  
  63  6:06  Probe  
  65  6:27  Gateway  
  65  6:31  Gateway  
  65  7:14  Nexus  
  65  7:18  Pylon  
  65  7:21  Pylon  
  65  7:24  Protoss Ground Weapons Level 2  
  65  7:27  Assimilator  
  65  7:30  Assimilator  
  65  7:31  Disruptor  
  68  8:01  Gateway  
  68  8:06  Gateway  
  68  8:07  Disruptor  
  68  8:08  Gateway  
  68  8:11  Gateway  
  71  8:14  Shield Battery  
  71  8:18  Pylon, Probe  
  71  8:19  Probe  
  73  8:22  Pylon  
  73  8:26  Probe  
  74  8:31  Probe x2  
  76  8:38  Probe  
  77  8:43  Probe x2  
  79  8:50  Stalker x2, Probe  
  79  8:51  Stalker x2  
  88  9:06  Disruptor  
  91  9:22  Probe x3, Robotics Facility  
  94  9:24  Robotics Facility  
  94  9:25  Robotics Facility  
  94  9:27  Robotics Facility  
  94  9:34  Probe x3  
  97  9:40  Protoss Ground Armor Level 1  
  97  9:41  Disruptor  
  100  9:56  Templar Archives  
  100  10:36  Psionic Storm  
  100  10:40  High Templar x5  
  100  10:41  High Templar x3  
  116  10:51  Charge  
  116  11:08  Pylon  
  116  11:10  Pylon  
  116  11:12  Pylon  
  116  11:14  Pylon  
  116  11:17  Pylon  
  116  11:18  Pylon  
  116  11:21  Pylon  
  116  11:25  Pylon  
  116  11:28  Pylon  
  116  11:30  Pylon  
  116  11:34  Disruptor x4  
  116  11:35  Disruptor  
  130  12:06  Stalker  
  130  12:07  Stalker x2  
  130  12:08  Stalker x4  
  128  12:09  Stalker  
Show
View Real Time Build Order
Export as new Build Order

pierre Protoss - Winner!

Build Orders:  

Get SALT Encoding   

  12  0:06  Probe  
  13  0:16  Probe  
  13  0:17  Pylon  
  14  0:24  Probe  
  15  0:33  Probe  
  15  0:37  Assimilator  
  16  0:45  Probe  
  16  0:49  Assimilator  
  17  0:58  Probe  
  18  1:06  Probe  
  19  1:15  Probe  
  20  1:25  Nexus  
  20  1:30  Pylon  
  20  1:35  Probe  
  21  1:47  Probe  
  21  1:50  Gateway  
  22  2:00  Probe  
  23  2:01  Forge  
  23  2:08  Assimilator  
  23  2:13  Assimilator  
  23  2:35  Protoss Shields Level 1  
  23  2:47  Cybernetics Core, Probe  
  24  2:54  Zealot  
  24  2:55  Probe  
  27  3:06  Probe  
  28  3:14  Pylon  
  28  3:18  Probe  
  29  3:20  Pylon  
  29  3:23  Pylon  
  29  3:24  Warp Gate  
  29  3:29  Probe, Zealot  
  32  3:38  Probe  
  32  3:46  Probe  
  34  3:56  Probe, Zealot  
  34  3:59  Twilight Council  
  37  4:08  Probe  
  38  4:13  Stargate  
  38  4:20  Probe  
  39  4:29  Protoss Ground Weapons Level 1  
  39  4:32  Zealot  
  39  4:33  Probe  
  42  4:39  Charge  
  42  4:45  Probe  
  43  4:53  Probe  
  44  5:02  Probe  
  44  5:05  Zealot  
  47  5:07  Fleet Beacon  
  47  5:14  Gateway  
  47  5:15  Probe  
  47  5:17  Gateway  
  47  5:18  Protoss Air Weapons Level 1  
  48  5:27  Probe  
  49  5:39  Probe  
  49  5:42  Carrier  
  50  5:48  Stalker  
  52  5:51  Probe  
  59  6:08  Mothership  
  67  6:21  Stalker  
  67  6:23  Protoss Shields Level 2  
  69  6:41  Pylon x2  
  69  6:44  Pylon  
  69  6:46  Pylon  
  69  6:48  Pylon  
  69  6:51  Pylon  
  69  6:53  Pylon  
  69  6:55  Pylon  
  69  6:57  Pylon  
  69  7:06  Pylon  
  69  7:07  Stalker, Pylon  
  71  7:10  Pylon  
  71  7:11  Stalker, Pylon  
  71  7:13  Protoss Air Armor Level 1  
  71  7:15  Pylon  
  73  7:16  Stalker, Pylon x2  
  73  7:19  Carrier  
  81  7:38  Zealot  
  81  7:43  Stalker  
  85  7:44  Stalker  
  87  7:58  Probe  
  88  8:07  Probe  
  90  8:20  Probe  
  90  8:22  Zealot  
  90  8:25  Zealot  
  94  8:27  Zealot  
  94  8:32  Probe  
  94  8:33  Carrier  
  97  8:38  Protoss Ground Weapons Level 2  
  103  9:04  Zealot  
  103  9:06  Protoss Air Weapons Level 2  
  103  9:07  Zealot  
  103  9:09  Zealot  
  109  9:27  Zealot  
  109  9:28  Zealot  
  109  9:29  Zealot  
  115  9:45  Carrier  
  115  9:47  Zealot  
  115  9:49  Zealot  
  115  9:50  Zealot  
  127  10:12  Stalker  
  127  10:13  Stalker  
  127  10:14  Stalker  
  133  10:38  Zealot  
  133  10:39  Zealot x2  
  139  11:06  Carrier  
  139  11:07  Zealot  
  139  11:08  Stalker  
  139  11:09  Stalker  
  151  11:32  Zealot x2  
  155  11:33  Zealot  
Tags
 
League
Silver
Matchup
PvP
Spawn Locations
Cross Positions
Add a new tag
Caveats
  • Supply blocks, unpowered buildings, or Contaminate may cause inaccurate times.
  • Supply counts are checked every 10 seconds.